 Dungeon Crawl Stone Soup version 0.29.1-12-g30fa7ad0bf (webtiles) character file.

Game seed: 8970163224925084203

32 Gabide the Trooper (level 3, 0/29 HPs)
             Began as a Mummy Berserker on Dec 20, 2022.
             Was a Follower of Trog.
             Slain by a kobold
             ... wielding a +0 short sword
              (4 damage)
             ... on level 1 of the Dungeon.
             The game lasted 00:01:42 (1544 turns).

Gabide the Trooper (Mummy Berserker)                Turns: 1544, Time: 00:01:42

Health: 0/29       AC:  3    Str: 22    XL:     3   Next: 8%
Magic:  3/3        EV: 11    Int:  6    God:    Trog [*.....]
Gold:   27         SH:  0    Dex: 11    Spells: 2/2 levels left

rFire   x . .      SeeInvis .     - Unarmed
rCold   + . .      Faith    .   (no shield)
rNeg    + + +      Spirit   .   c - +0 leather armour
rPois   ∞          Reflect  .   (no helmet)
rElec   .          Harm     .   (no cloak)
rCorr   .          Rampage  .   (no gloves)
Will    .....                   (no boots)
Stlth   +.........              (no amulet)
HPRegen 0.09/turn               (no ring)
MPRegen 0.08/turn               (no ring)

@: no status effects
A: cold resistance 1, negative energy resistance 3, torment resistance 2, heat
vulnerability 1, in touch with death 1, no potions
a: Renounce Religion


You were on level 1 of the Dungeon.
You worshipped Trog.
Trog was aware of your devotion.
You visited 1 branch of the dungeon, and saw 2 of its levels.

You collected 27 gold pieces.

Inventory:

Armour
 c - a +0 leather armour (worn)
Scrolls
 b - a scroll of vulnerability {unknown}


   Skills:
 * Level 3.5 Fighting
 - Level 1.5 Armour
 + Level 1.9 Dodging
 * Level 2.9 Unarmed Combat


You had 2 spell levels left.
You didn't know any spells.
Your spell library was empty.

Dungeon Overview and Level Annotations

Branches:
Dungeon (2/15)

Altars:

Shops:
D:1 [


Innate Abilities, Weirdness & Mutations

You are immune to poison.
Your flesh is cold resistant. (rC+)
You are immune to negative energy. (rN+++)
You are immune to unholy pain and torment.
You are vulnerable to heat. (rF-)
You are in touch with the powers of death.
You do not drink.


Message History

The hobgoblin is almost dead.
The hobgoblin barely misses you.
You closely miss the hobgoblin.
The hobgoblin is almost dead.
The hobgoblin hits you.
* * * LOW HITPOINT WARNING * * *
You closely miss the hobgoblin.
The hobgoblin is almost dead.
You hit the hobgoblin.
You kill the hobgoblin!
Trog accepts your kill.
You start resting.
HP restored.
You climb downwards.
The worm bites you!
There is a stone staircase leading up here.
The kobold hits you with a +0 short sword.
You climb upwards.
There is a stone staircase leading down here.
The kobold attacks as you move away! The kobold barely misses you.
The worm bites you! The kobold attacks as you move away!
The kobold hits you with a +0 short sword.
* * * LOW HITPOINT WARNING * * *
You closely miss the kobold.
The kobold hits you with a +0 short sword.
* * * LOW HITPOINT WARNING * * *
You hit the kobold.
The kobold is moderately wounded.
The kobold hits you but does no damage.
You closely miss the kobold.
The kobold is moderately wounded.
The kobold misses you.
You hit the kobold but do no damage.
The kobold is moderately wounded.
The kobold hits you with a +0 short sword.
* * * LOW HITPOINT WARNING * * *
You hit the kobold.
The kobold is severely wounded.
The kobold hits you with a +0 short sword.
You die...

.#####......# #..... .# #......#
#..... '### #......# ###.....
...# #......# ###.......
...###......# #......###
...+.#......# ####......#
...#.!...#### #####.........#
...#.....# ####.....###.....#
.........# ###wK@.######..###.##
.........# #...#...............##
.........###.##...##'''''##.....#
....#.#####.....###.......###...#
#.....# #w#..##...........##..#
......# #>...##...........##...
...)..# #...#######'''#######..
......#####...#K#...........#o#..
..............###..8.###.8..###..


You could see a worm and a kobold.

Vanquished Creatures
  An adder (D:1)
  An endoplasm (D:1)
  3 hobgoblins (D:1)
  2 quokkas (D:1)
  6 ball pythons (D:1)
  3 bats (D:1)
  2 frilled lizards (D:1)
  3 kobolds (D:1)
  3 rats (D:1)
24 creatures vanquished.

Notes
Turn   | Place    | Note
-------+----------+-------------------------------------------
     0 | D:1      | Gabide the Mummy Berserker began the quest for the Orb.
     0 | D:1      | Reached XP level 1. HP: 18/18 MP: 1/1
    34 | D:1      | Found Guytud's Armour Shop.
   503 | D:1      | Reached XP level 2. HP: 24/24 MP: 2/2
  1247 | D:1      | Gained mutation: You are in touch with the powers of death.
                  | [Mummy growth]
  1247 | D:1      | Reached XP level 3. HP: 7/29 MP: 3/3
  1544 | D:1      | Slain by a kobold

Illustrated notes

Levels and vault maps discovered:
D:1:      lordsloth_arrival_two_stooges, layout_basic, serial_shops,
          nicolae_shop_trees
D:2:      minmay_diamond_boxcup, layout_loops_ring,
          dilly_ecumenical_altar_fadedgnrine, uniq_terence, uniq_robin

Action                   || total
-------------------------++-------
Melee: Unarmed           ||   100
       Punch             ||     1
Armor: Animal skin       ||    10
       Leather armour    ||    19
Dodge: Dodged            ||    75
